 Dungeon Sprint DCSS version 0.17-a0-1583-g2df49ec (webtiles) character file.

247841 Jb9000 the Peltast (level 17, 0/162 HPs)
             Began as a Mottled Draconian Fighter on July 28, 2015.
             Was the Champion of Qazlal.
             Killed by vampiric draining
             ... invoked by Jory
              (36 damage)
             ... in the Dungeon (Sprint IX: "|||||||||||||||||||||||||||||").
             The game lasted 01:12:33 (7617 turns).

Jb9000 the Peltast (Mottled Draconian Fighter)      Turns: 7617, Time: 01:12:34

Health: 0/162      AC: 13    Str: 25    XL:     17   Next: 22%
Magic:  9/35       EV: 31    Int: 17    God:    Qazlal [******]
Gold:   226        SH: 31    Dex: 23    Spells: 6 memorised, 28 levels left

rFire  . . .     SeeInvis .     q - +7 war axe (chop)
rCold  . . .     Clarity  +     (armour unavailable)
rNeg   . . .     SustAt   .     R - +0 large shield of Wuel {*Contam Int+3 Dex+4}
rPois  .         Gourm    .     S - +0 hat of the Bard {Str+3 Int+4}
rElec  .         Spirit   .     L - +0 cloak {+Inv}
rCorr  .         Warding  .     M - +2 pair of gloves
rMut   .         NoTele   +     (no boots)
MR     ++...                    I - amulet of regeneration
Stlth  ++........               g - +6 ring of dexterity
                                H - +4 ring of evasion

@: repel missiles, very resistant to hostile enchantments, unstealthy
A: breathe sticky flame splash, unfitting armour, berserk 1, clarity, magic
resistance 1, cold-blooded, AC +9
a: Breathe Sticky Flame, Upheaval, Elemental Force, Disaster Area, Renounce
Religion, Evoke Invisibility
}: 5/15 runes: decaying, serpentine, barnacled, silver, gossamer


You were in the Dungeon.
You worshipped Qazlal.
Qazlal was exalted by your worship.
You were not hungry.

You visited 1 branch You collected 1956 gold pieces.
You spent 1730 gold pieces at shops.

Inventory:

Hand weapons
 f - the +5 demon trident "Brush" {flame, +Rage rElec rPois rF-}
   (You found it in the Dungeon)

   It has been specially enchanted to burn those struck by it, causing extra
   injury to most foes and up to half again as much damage against particularly
   susceptible opponents.
   It makes you vulnerable to fire.
   It insulates you from electricity.
   It protects you from poison.
   It lets you go berserk.
 o - the +2 morningstar "Osasmut" {venom, Int+4}
   (You found it in the Dungeon)

   It poisons the flesh of those it strikes.
   It affects your intelligence (+4).
 p - a +5 long sword of holy wrath
 q - a +7 war axe of chopping (weapon)
 Q - the +13 Scythe of Curses {drain, *Curse}
   (You found it in the Dungeon)

   A truly terrible weapon, it drains the life of those it strikes.
   It may re-curse itself when equipped.
Armour
 b - a +5 large shield
 L - a +0 cloak of invisibility (worn)
 M - a +2 pair of gloves (worn)
 R - the +0 large shield of Wuel (worn) {*Contam Int+3 Dex+4}
   (You found it in the Dungeon)

   It affects your intelligence (+3).
   It affects your dexterity (+4).
   It causes magical contamination when unequipped.
 S - the +0 hat of the Bard (worn) {Str+3 Int+4}
   (You found it in the Dungeon)

   It affects your strength (+3).
   It affects your intelligence (+4).
Magical staves
 v - an uncursed staff of energy
Rods
 Z - a +9 rod of inaccuracy (5/9)
   (You found it in the Dungeon)
Jewellery
 g - a +6 ring of dexterity (right hand)
 s - a +3 ring of intelligence
 t - a +3 ring of intelligence
 u - a +2 ring of slaying
 D - a +2 ring of slaying
 E - an uncursed ring of ice
 F - an uncursed ring of poison resistance
 G - an uncursed ring of see invisible
 H - a +4 ring of evasion (left hand)
 I - an amulet of regeneration (around neck)
 J - an uncursed ring of fire
 P - an uncursed ring of invisibility
 V - the amulet "Tuofuaroo" {+Rage rC+ Dex+4}
   (You found it in the Dungeon)

   [amulet of rage]

   It affects your dexterity (+4).
   It protects you from cold.
   It lets you go berserk.
 W - the ring "Dugajon" {rPois Str+4 Int-3 Dex+3 Stlth+}
   (You found it in the Dungeon)

   [ring of dexterity]

   It affects your strength (+4).
   It affects your intelligence (-3).
   It affects your dexterity (+3).
   It protects you from poison.
   It makes you more stealthy.
 X - the ring of Bogrorre {rPois rC- EV+3 Dex+2 SInv}
   (You found it in the Dungeon)

   [ring of evasion]

   It affects your evasion (+3).
   It affects your dexterity (+2).
   It makes you vulnerable to cold.
   It protects you from poison.
   It lets you see invisible.
 Y - the ring "Voul" {Fire +Blink}
   (You found it in the Dungeon)

   [ring of fire]

   It enhances your fire magic, and weakens your ice magic.
   It protects you from fire.
   It makes you vulnerable to cold.
   It lets you blink.
Magical devices
 m - a wand of draining (11)
Scrolls
 c - 4 scrolls of identify
 d - a scroll of holy word
 j - 5 scrolls of blinking
 k - 7 scrolls of remove curse
 l - 3 scrolls of amnesia
 r - a scroll of recharging
 y - 4 scrolls of fog
 N - 3 scrolls of fear
Potions
 a - 4 potions of brilliance
 e - a potion of cure mutation
 h - 2 potions of magic
 z - 2 potions of curing
 C - 3 potions of might
 O - a potion of lignification
 T - a potion of haste
 U - a potion of berserk rage
Books
 n - Sif Muna's Almanac of Orientation and Summoning
   (You found it in the Dungeon)

   Spells                             Type                      Level
   a - Gell's Gravitas                Hexes/Translocation          3
   b - Summon Forest                  Summoning/Translocation      5
   c - Phase Shift                    Translocation                5
   d - Summon Hydra                   Summoning                    7
 w - the Reference Book on Battle Magic and the Blaze
   (You found it in the Dungeon)

   Spells                             Type                      Level
   a - Flame Tongue                   Conjuration/Fire             1
   b - Sting                          Conjuration/Poison           1
   c - Conjure Flame                  Conjuration/Fire             3
   d - Sticky Flame                   Conjuration/Fire             4
   e - Bolt of Magma                  Conjuration/Fire/Earth       5
   f - Poisonous Cloud                Conjuration/Poison/Air       6
Miscellaneous
 B - a crystal ball of energy
Comestibles
 i - 12 bread rations
 x - 7 meat rations


   Skills:
 + Level 17.4 Fighting
 + Level 16.0(18.2) Axes
 + Level 15.1(17.7) Maces & Flails
 + Level 14.9 Dodging
 - Level 15.8 Stealth
 + Level 18.7 Shields
 + Level 14.7 Spellcasting
 + Level 15.1 Conjurations
 * Level 8.1 Hexes
 * Level 9.0 Translocations
 - Level 15.0 Fire Magic
 + Level 14.4 Earth Magic
 + Level 14.9 Poison Magic
 + Level 17.4 Invocations
 + Level 13.6 Evocations


You had 28 spell levels left.
You knew the following spells:

 Your Spells              Type           Power        Failure   Level  Hunger
a - Flame Tongue          Conj/Fire      #####        1%          1    None
b - Sting                 Conj/Pois      ####         1%          1    None
c - Conjure Flame         Conj/Fire      ######..     1%          3    None
d - Sticky Flame          Conj/Fire      ######..     1%          4    None
e - Bolt of Magma         Conj/Fire/Erth ######....   1%          5    ####...
f - Gell's Gravitas       Hex/Tloc       #####.....   1%          3    None


Dungeon Overview and Level Annotations

Branches:
Dungeon (1/1)

Altars:
Cheibriados
Dithmenos
Elyvilon
Fedhas
Gozag
Kikubaaqudgha
Makhleb
Nemelex Xobeh
Okawaru
Qazlal
Ru
Sif Muna
Trog
Vehumet
Xom
Yredelemnul
Zin
The Shining One
Beogh
Jiyva
Lugonu

Shops:
D =!!?

Annotations:
D Jory


Innate Abilities, Weirdness & Mutations

You can spit globs of burning liquid.
You can ignite nearby creatures when you spit burning liquid.
Your weird mottled scales are hard (AC +9).
Your body does not fit into most forms of armour.
You are cold-blooded and may be slowed by cold attacks.
You tend to lose your temper in combat.
You possess an exceptional clarity of mind.
You are resistant to hostile enchantments.


Message History

Jory hits you with a great mace!
* * * LOW HITPOINT WARNING * * *
You block Jory's attack.
You hit Jory.
Jory is severely damaged.
You completely miss Jory. You tail-slap Jory, but do no damage.
Jory is severely damaged.
You block Jory's attack. Jory bites you!
* * * LOW HITPOINT WARNING * * *
Jory draws strength from your injuries!
Your shield prevents you from hitting Jory.
Your tail-slap misses Jory.
Jory is severely damaged.
You slice Jory!!
Jory is almost destroyed.
You block Jory's attack. Jory bites you but does no damage.
You completely miss Jory.
Jory is almost destroyed.
Jory is infused with unholy energy.
You die...

,,,,,,,,,,,,,,,,,,,,,,,,,,,,,,,,,
*********************************
,,,,,,,,+,,,,,,,,,,+,,,,,,,,+,+,+
*********************************
,,,,,,,,,,,,,,,,,,,,,,,,,,,,,,,,,
*********************************
,,+,,,,,,,,,+,,,,,,,,,,,,+,,,,,,,
*********▓▓▓▓▓▓▓▓▓▓▓▓▓▓▓▓▓▓▓▓▓▓▓▓
,,,,,,,,,..[.[)V@))..............
▓▓▓▓▓▓▓▓▓▓▓▓▓▓▓▓▓▓▓▓▓▓▓▓▓▓▓▓▓▓▓▓▓
....§§'..........%)))..).)....[[[
▓▓▓▓▓▓▓▓▓▓▓▓▓▓▓▓▓▓▓▓▓▓▓▓▓▓▓▓▓▓▓▓▓
.................................
▓▓▓▓▓▓▓▓▓▓▓▓▓▓▓▓▓▓▓▓▓▓▓▓▓▓▓▓▓▓▓▓▓
.......)))).%...)))))....))....()
▓▓▓▓▓▓▓▓▓▓▓▓▓▓▓▓▓▓▓▓▓▓▓▓▓▓▓▓▓▓▓▓▓
.................................


You could see Jory.

Vanquished Creatures
  Mara (D)
  Mennas (D)
  Boris (D)
  Frederick (D)
  Margery (D)
  Norris (D)
  Nikola (D)
  Xtahua (D)
  An Orb Guardian (D)
  A sphinx (D)
  2 tengu reavers (D)
  6 shadow dragons (D)
  2 fire giants (D)
  Ilsuiw (D)
  6 greater nagas (D)
  An orc warlord (D)
  Louise (D)
  4 emperor scorpions (D)
  A ghost moth (D)
  4 ironheart preservers (D)
  4 very ugly things (D)
  4 stone giants (D)
  A black draconian (D)
  A red draconian (D)
  An ettin (D)
  3 merfolk javelineers (D)
  3 merfolk impalers (D)
  4 ogre magi (D)
  25 vault guards (D)
  A mummy priest (D)
  2 yaktaur captains (D)
  An ice dragon (D)
  A fire dragon (D)
  3 hydras (D)
  A great orb of eyes (D)
  A ghost crab (D)
  A merfolk avatar (D)
  2 anacondas (D)
  A centaur warrior (D)
  4 merfolk aquamancers (D)
  A deep troll earth mage (D)
  A deep troll shaman (D)
  A tengu warrior (D)
  2 alligators (D)
  4 orc high priests (D)
  2 naga sharpshooters (D)
  A shadow wraith (D)
  4 hell knights (D)
  2 sea snakes (D)
  A flayed ghost (D)
  2 giant orange brains (D)
  A hill giant (D)
  2 lindwurms (D)
  7 orc knights (D)
  6 swamp dragons (D)
  4 wolf spiders (D)
  3 orb spiders (D)
  4 ironbrand convokers (D)
  A necromancer (D)
  3 orc sorcerers (D)
  A hornet (D)
  An ugly thing (D)
  A black mamba (shapeshifter) (D)
  2 moths of wrath (D)
  A manticore (D)
  A vault sentinel (D)
  3 black mambas (D)
  2 guardian serpents (D)
  4 yaktaurs (D)
  5 naga magi (D)
  A guardian mummy (D)
  5 demonic crawlers (D)
  4 komodo dragons (D)
  5 freezing wraiths (D)
  2 jumping spiders (D)
  A troll (D)
  3 slime creatures (D)
  2 boulder beetles (D)
  5 merfolk (D)
  A bog body (D)
  A snapping turtle (D)
  A redback (D)
  A wraith (D)
  2 trapdoor spiders (D)
  2 shadows (D)
  A yak (D)
  A hippogriff (shapeshifter) (D)
  A hippogriff (D)
  A wolf (D)
  A naga (D)
  3 vampire mosquitoes (D)
  5 water moccasins (D)
  A porcupine (D)
  10 orc warriors (D)
  A sky beast (shapeshifter) (D)
  5 swamp drakes (D)
  A boggart (D)
  A crocodile (D)
  A centaur (D)
  A brain worm (D)
  6 giant frogs (D)
  A crimson imp (D)
  5 orc priests (D)
  3 orc wizards (D)
  An iguana (D)
  A worker ant (D)
  2 river rats (D)
  An adder zombie (D)
  5 worms (D)
  An adder simulacrum (D)
  12 orcs (D)
  A bat (D)
  A bat skeleton (D)
  3 hobgoblins (D)
  A jackal (D)
  2 kobolds (D)
  A giant cockroach zombie (D)
  A goblin (D)
  A quokka zombie (D)
  A rat (D)
295 creatures vanquished.

Vanquished Creatures (others)
  A sphinx (D)
  A very ugly thing (D)
  A hell knight (D)
  A spatial maelstrom (D)
  A naga (D)
5 creatures vanquished.

Grand Total: 300 creatures vanquished

Notes
Turn   | Place    | Note
--------------------------------------------------------------
     0 | D        | Jb9000 the Draconian Fighter began the quest for the Orb.
     0 | D        | Reached XP level 1. HP: 19/19 MP: 1/1
     3 | D        | Banished a spatial maelstrom
   133 | D        | Noticed an iguana
   133 | D        | Noticed a crimson imp
   139 | D        | Killed an iguana
   139 | D        | Reached skill level 4 in Fighting
   139 | D        | Reached skill level 1 in Spellcasting
   139 | D        | Reached XP level 2. HP: 8/27 MP: 2/4
   139 | D        | Reached XP level 3. HP: 9/33 MP: 2/5
   174 | D        | Killed a crimson imp
   174 | D        | Reached XP level 4. HP: 3/41 MP: 4/7
   473 | D        | Found a glowing silver altar of Zin.
   473 | D        | Found a glowing golden altar of the Shining One.
   473 | D        | Found an ancient bone altar of Kikubaaqudgha.
   473 | D        | Found a basalt altar of Yredelemnul.
   473 | D        | Found a shimmering altar of Xom.
   473 | D        | Found a radiant altar of Vehumet.
   474 | D        | Found an iron altar of Okawaru.
   475 | D        | Found a burning altar of Makhleb.
   476 | D        | Found a deep blue altar of Sif Muna.
   477 | D        | Found a bloodstained altar of Trog.
   478 | D        | Found a sparkling altar of Nemelex Xobeh.
   479 | D        | Found a white marble altar of Elyvilon.
   480 | D        | Found a roughly hewn altar of Beogh.
   481 | D        | Found a viscous altar of Jiyva.
   482 | D        | Found a corrupted altar of Lugonu.
   483 | D        | Found a blossoming altar of Fedhas.
   484 | D        | Found a snail-covered altar of Cheibriados.
   485 | D        | Found a shadowy altar of Dithmenos.
   486 | D        | Found a stormy altar of Qazlal.
   487 | D        | Found an opulent altar of Gozag.
   488 | D        | Found a sacrificial altar of Ru.
   494 | D        | Became a worshipper of Qazlal Stormbringer
   506 | D        | Got the +2 morningstar "Osasmut" {venom, Int+4}
   526 | D        | Noticed a giant frog
   526 | D        | Noticed a worker ant
   526 | D        | Noticed a troll
   532 | D        | Killed a giant frog
   532 | D        | Reached skill level 5 in Fighting
   532 | D        | Reached skill level 5 in Shields
   538 | D        | Killed a worker ant
   538 | D        | Acquired Qazlal's first power
   538 | D        | Reached XP level 5. HP: 45/48 MP: 9/9
   548 | D        | Killed a troll
   548 | D        | Reached skill level 6 in Fighting
   548 | D        | Reached skill level 5 in Axes
   548 | D        | Reached skill level 5 in Dodging
   548 | D        | Reached XP level 6. HP: 6/58 MP: 9/12
   833 | D        | Noticed a komodo dragon
   833 | D        | Noticed a giant frog
   833 | D        | Noticed an orc wizard
   841 | D        | Killed a komodo dragon
   841 | D        | Acquired Qazlal's second power
   841 | D        | Reached skill level 7 in Fighting
   841 | D        | Reached skill level 8 in Stealth
   841 | D        | Reached skill level 5 in Spellcasting
   841 | D        | Your scales start taking on a weird mottled colour.
   841 | D        | Reached XP level 7. HP: 30/66 MP: 12/14
   846 | D        | Killed a giant frog
   854 | D        | Killed an orc wizard
   854 | D        | Acquired Qazlal's third power
  1136 | D        | Identified the Reference Book on Battle Magic and the Blaze (You found it in the Dungeon)
  1139 | D        | Learned a level 1 spell: Flame Tongue
  1141 | D        | Learned a level 1 spell: Sting
  1162 | D        | Noticed a wolf
  1162 | D        | Noticed a komodo dragon
  1162 | D        | Noticed a water moccasin
  1162 | D        | Noticed a water moccasin
  1162 | D        | Noticed a crocodile
  1162 | D        | Noticed a water moccasin
  1164 | D        | Noticed a giant frog
  1170 | D        | Killed a wolf
  1170 | D        | Reached skill level 1 in Maces & Flails
  1170 | D        | Reached skill level 1 in Conjurations
  1170 | D        | Reached skill level 1 in Fire Magic
  1170 | D        | Reached skill level 1 in Poison Magic
  1170 | D        | Reached skill level 1 in Invocations
  1173 | D        | Noticed a water moccasin
  1184 | D        | Killed a komodo dragon
  1184 | D        | Reached XP level 8. HP: 54/74 MP: 16/16
  1187 | D        | Noticed a komodo dragon
  1193 | D        | Killed a water moccasin
  1193 | D        | Acquired Qazlal's fourth power
  1199 | D        | Killed a water moccasin
  1203 | D        | Killed a crocodile
  1209 | D        | Killed a water moccasin
  1214 | D        | Killed a giant frog
  1214 | D        | Reached skill level 9 in Stealth
  1219 | D        | Killed a water moccasin
  1226 | D        | Killed a komodo dragon
  1226 | D        | Reached skill level 5 in Invocations
  1424 | D        | Learned a level 3 spell: Conjure Flame
  1429 | D        | Noticed a giant frog
  1429 | D        | Noticed a giant frog
  1429 | D        | Noticed a komodo dragon
  1429 | D        | Noticed a giant frog
  1429 | D        | Noticed a water moccasin
  1431 | D        | Acquired Qazlal's fifth power
  1433 | D        | Killed a giant frog
  1433 | D        | Reached XP level 9. HP: 79/82 MP: 18/18
  1435 | D        | Noticed a porcupine
  1438 | D        | Killed a giant frog
  1442 | D        | Killed a komodo dragon
  1444 | D        | Noticed a yak
  1446 | D        | Killed a giant frog
  1454 | D        | Killed a water moccasin
  1460 | D        | Killed a porcupine
  1469 | D        | Killed a yak
  1673 | D        | Noticed a lindwurm
  1673 | D        | Noticed a brain worm
  1678 | D        | Killed a lindwurm
  1680 | D        | Noticed a lindwurm
  1689 | D        | Killed a brain worm
  1689 | D        | Reached skill level 5 in Fire Magic
  1701 | D        | Killed a lindwurm
  2115 | D        | Noticed an orc knight
  2115 | D        | Noticed an orc knight
  2115 | D        | Noticed an orc warrior
  2115 | D        | Noticed an orc priest
  2118 | D        | Killed an orc priest
  2118 | D        | Killed an orc priest
  2121 | D        | Noticed an orc priest
  2122 | D        | Killed an orc knight
  2122 | D        | Reached skill level 5 in Conjurations
  2122 | D        | Reached XP level 10. HP: 53/91 MP: 12/20
  2124 | D        | Killed an orc priest
  2124 | D        | Reached skill level 5 in Poison Magic
  2126 | D        | Noticed an orc wizard
  2129 | D        | Noticed an orc priest
  2132 | D        | Killed an orc knight
  2132 | D        | Reached skill level 5 in Maces & Flails
  2132 | D        | Reached skill level 10 in Stealth
  2136 | D        | Killed an orc warrior
  2137 | D        | Noticed an orc wizard
  2138 | D        | Killed an orc priest
  2138 | D        | Killed an orc wizard
  2138 | D        | Killed an orc wizard
  2285 | D        | Noticed an orc warrior
  2293 | D        | Killed an orc warrior
  2346 | D        | Noticed an orc knight
  2346 | D        | Noticed an orc high priest
  2346 | D        | Noticed an orc warrior
  2346 | D        | Noticed an orc priest
  2346 | D        | Noticed an orc warrior
  2346 | D        | Noticed an orc warrior
  2348 | D        | Killed an orc priest
  2350 | D        | Noticed an orc warrior
  2351 | D        | Killed an orc warrior
  2351 | D        | Killed an orc warrior
  2354 | D        | Noticed an orc high priest
  2359 | D        | Noticed an orc knight
  2364 | D        | Killed an orc knight
  2364 | D        | Killed an orc warrior
  2364 | D        | Killed an orc high priest
  2364 | D        | Reached skill level 10 in Fighting
  2364 | D        | Killed an orc warrior
  2365 | D        | Noticed an orc warrior
  2367 | D        | Noticed an orc warrior
  2369 | D        | Noticed an orc warrior
  2369 | D        | Killed an orc high priest
  2373 | D        | Killed an orc warrior
  2374 | D        | Killed an orc knight
  2379 | D        | Killed an orc warrior
  2384 | D        | Killed an orc warrior
  2384 | D        | Reached XP level 11. HP: 68/100 MP: 5/23
  2557 | D        | Found Kuvofah's Jewellery Emporium.
  2557 | D        | Noticed an orc sorcerer
  2557 | D        | Noticed an orc sorcerer
  2557 | D        | Noticed an orc high priest
  2561 | D        | Killed an orc sorcerer
  2561 | D        | Reached skill level 10 in Invocations
  2563 | D        | Killed an orc sorcerer
  2564 | D        | Noticed an orc knight
  2573 | D        | Killed an orc high priest
  2731 | D        | Killed an orc knight
  3097 | D        | Noticed an orc sorcerer
  3103 | D        | Killed an orc sorcerer
  3166 | D        | Noticed an orc high priest
  3180 | D        | Killed an orc high priest
  3384 | D        | Found Ingecex's Distillery.
  3387 | D        | Found Ecvyqano's Distillery.
  3391 | D        | Found Qugress's Magic Scroll Shoppe.
  3396 | D        | Bought a potion of curing for 39 gold pieces
  3396 | D        | Bought a potion of might for 52 gold pieces
  3396 | D        | Bought a potion of might for 52 gold pieces
  3396 | D        | Bought a potion of heal wounds for 65 gold pieces
  3400 | D        | Bought a scroll of enchant armour for 97 gold pieces
  3400 | D        | Bought a scroll of recharging for 123 gold pieces
  3402 | D        | Bought a potion of might for 40 gold pieces
  3402 | D        | Bought a potion of curing for 30 gold pieces
  3402 | D        | Bought a potion of heal wounds for 50 gold pieces
  3402 | D        | Bought a potion of curing for 30 gold pieces
  3402 | D        | Bought a potion of magic for 80 gold pieces
  3402 | D        | Bought a potion of might for 40 gold pieces
  3402 | D        | Bought a potion of curing for 30 gold pieces
  3402 | D        | Bought a potion of brilliance for 40 gold pieces
  3402 | D        | Bought a potion of beneficial mutation for 350 gold pieces
  3402 | D        | Bought a potion of curing for 30 gold pieces
  3402 | D        | Bought a potion of curing for 30 gold pieces
  3402 | D        | Bought a potion of agility for 40 gold pieces
  3404 | D        | Bought a potion of brilliance for 52 gold pieces
  3406 | D        | Bought an uncursed amulet of regeneration for 330 gold pieces
  3413 | D        | Learned a level 4 spell: Sticky Flame
  3414 | D        | Gained mutation: You have a pair of small antennae on your head. [potion of beneficial mutation]
  3427 | D        | Bought a scroll of identify for 26 gold pieces
  3427 | D        | Bought a scroll of identify for 26 gold pieces
  3427 | D        | Bought a scroll of remove curse for 39 gold pieces
  3427 | D        | Bought a scroll of remove curse for 39 gold pieces
  3618 | D        | Noticed an ogre mage
  3618 | D        | Noticed a centaur
  3618 | D        | Noticed a centaur warrior
  3618 | D        | Noticed an orc warrior
  3618 | D        | Noticed a shadow
  3624 | D        | Killed an ogre mage
  3624 | D        | Reached skill level 10 in Shields
  3624 | D        | Reached skill level 1 in Evocations
  3628 | D        | Noticed a red ugly thing
  3631 | D        | Killed a centaur warrior
  3631 | D        | Reached skill level 11 in Stealth
  3632 | D        | Noticed an ice dragon
  3632 | D        | Killed a shadow
  3632 | D        | Killed a centaur
  3632 | D        | Killed an orc warrior
  3632 | D        | Killed a red ugly thing
  3635 | D        | Noticed a giant orange brain
  3641 | D        | Noticed a stone giant
  3643 | D        | Noticed a tengu reaver
  3643 | D        | Killed an ice dragon
  3645 | D        | Killed a giant orange brain
  3652 | D        | Noticed an ogre mage
  3662 | D        | Killed a stone giant
  3662 | D        | Reached skill level 10 in Axes
  3668 | D        | Killed a tengu reaver
  3668 | D        | Reached XP level 12. HP: 80/110 MP: 4/25
  3670 | D        | Killed an ogre mage
  3721 | D        | Noticed a yaktaur
  3731 | D        | Killed a yaktaur
  3791 | D        | Noticed a necromancer
  3797 | D        | Killed a necromancer
  3976 | D        | Noticed an anaconda
  3976 | D        | Noticed a naga mage
  3976 | D        | Noticed a naga sharpshooter
  3976 | D        | Noticed a naga mage
  3976 | D        | Noticed a black mamba
  3976 | D        | Noticed a naga sharpshooter
  3978 | D        | Killed a naga mage
  3978 | D        | Killed a naga sharpshooter
  3978 | D        | Killed a black mamba
  3988 | D        | Killed an anaconda
  3990 | D        | Noticed an anaconda
  3991 | D        | Noticed a black mamba
  3993 | D        | Noticed a black mamba
  4001 | D        | Killed a naga mage
  4001 | D        | Reached skill level 10 in Dodging
  4011 | D        | Killed an anaconda
  4018 | D        | Killed a black mamba
  4028 | D        | Killed a black mamba
  4113 | D        | Noticed a slime creature
  4113 | D        | Noticed a swamp drake
  4113 | D        | Noticed a ghost crab
  4113 | D        | Noticed a shadow
  4113 | D        | Noticed a bog body
  4113 | D        | Noticed an alligator
  4116 | D        | Killed a swamp drake
  4116 | D        | Killed a shadow
  4116 | D        | Killed a ghost crab
  4116 | D        | Reached skill level 5 in Evocations
  4117 | D        | Killed a slime creature
  4117 | D        | Reached skill level 12 in Invocations
  4119 | D        | Noticed a slime creature
  4121 | D        | Noticed a vampire mosquito
  4125 | D        | Killed an alligator
  4126 | D        | Noticed a swamp dragon
  4130 | D        | Killed a slime creature
  4133 | D        | Killed a vampire mosquito
  4138 | D        | Killed a swamp dragon
  4142 | D        | Killed a bog body
  4208 | D        | Noticed a trapdoor spider
  4208 | D        | Noticed an orb spider
  4208 | D        | Noticed a demonic crawler
  4208 | D        | Noticed an orb spider
  4208 | D        | Noticed a demonic crawler
  4211 | D        | Killed a trapdoor spider
  4214 | D        | Noticed a jumping spider
  4215 | D        | Killed an orb spider
  4215 | D        | Killed an orb spider
  4215 | D        | Reached skill level 10 in Spellcasting
  4215 | D        | Killed a demonic crawler
  4216 | D        | Killed a jumping spider
  4217 | D        | Noticed an orb spider
  4218 | D        | Killed a demonic crawler
  4218 | D        | Reached skill level 10 in Fire Magic
  4221 | D        | Killed an orb spider
  4224 | D        | Noticed a demonic crawler
  4235 | D        | Killed a demonic crawler
  4269 | D        | Noticed a trapdoor spider
  4276 | D        | Killed a trapdoor spider
  4316 | D        | Noticed a merfolk impaler
  4316 | D        | Noticed a manticore
  4316 | D        | Noticed a sea snake
  4316 | D        | Noticed a merfolk
  4316 | D        | Noticed a merfolk
  4316 | D        | Noticed a hippogriff
  4321 | D        | Noticed a sea snake
  4323 | D        | Killed a merfolk impaler
  4323 | D        | Reached XP level 13. HP: 117/119 MP: 22/27
  4324 | D        | Killed a manticore
  4325 | D        | Noticed a merfolk
  4327 | D        | Noticed a snapping turtle
  4327 | D        | Killed a hippogriff
  4327 | D        | Killed a merfolk
  4327 | D        | Killed a sea snake
  4327 | D        | Killed a merfolk
  4327 | D        | Killed a merfolk
  4329 | D        | Killed a sea snake
  4338 | D        | Killed a snapping turtle
  4492 | D        | Learned a level 5 spell: Bolt of Magma
  4498 | D        | Noticed a fire dragon
  4498 | D        | Noticed a brown very ugly thing
  4498 | D        | Noticed a deep troll shaman
  4498 | D        | Noticed a yaktaur
  4498 | D        | Noticed a brown very ugly thing
  4498 | D        | Noticed a white very ugly thing
  4507 | D        | Killed a brown very ugly thing
  4507 | D        | Reached skill level 1 in Earth Magic
  4512 | D        | Killed a green very ugly thing
  4512 | D        | Killed a green very ugly thing
  4516 | D        | Killed a fire dragon
  4518 | D        | Noticed a sphinx
  4523 | D        | Noticed a deep troll earth mage
  4525 | D        | Noticed a stone giant
  4529 | D        | Killed a deep troll shaman
  4529 | D        | Killed a yaktaur
  4529 | D        | Reached skill level 10 in Maces & Flails
  4529 | D        | Killed a deep troll earth mage
  4534 | D        | Killed a sphinx
  4536 | D        | Noticed a giant orange brain
  4538 | D        | Noticed a tengu warrior
  4541 | D        | Noticed an ettin
  4547 | D        | Killed a stone giant
  4547 | D        | Reached skill level 10 in Conjurations
  4547 | D        | Reached skill level 10 in Poison Magic
  4560 | D        | Killed a giant orange brain
  4575 | D        | Killed a tengu warrior
  4575 | D        | Reached skill level 13 in Invocations
  4579 | D        | Killed an ettin
  4617 | D        | Gained mutation: You are resistant to hostile enchantments. [mutagenic meat]
  4618 | D        | Gained mutation: Your magical capacity is low (-10% MP). [mutagenic meat]
  4677 | D        | Gained mutation: You tend to lose your temper in combat. [mutagenic meat]
  4698 | D        | Gained mutation: You possess an exceptional clarity of mind. [mutagenic meat]
  4700 | D        | Noticed a red very ugly thing
  4701 | D        | Noticed a fire giant
  4703 | D        | Noticed a fire giant
  4705 | D        | Noticed a stone giant
  4706 | D        | Noticed a white very ugly thing
  4711 | D        | Killed a red very ugly thing
  4711 | D        | Reached skill level 5 in Earth Magic
  4722 | D        | Killed a fire giant
  4722 | D        | Killed a white very ugly thing
  4728 | D        | Killed a fire giant
  4733 | D        | Killed a stone giant
  4752 | D        | Gained mutation: Your mind is acute. (Int +2) [mutagenic meat]
  4754 | D        | Gained mutation: You are weak. (Str -2) [mutagenic meat]
  4804 | D        | Noticed a boggart
  4804 | D        | Noticed a wolf spider
  4804 | D        | Noticed a slime creature
  4804 | D        | Noticed an orc knight
  4804 | D        | Noticed a hornet
  4804 | D        | Noticed a vault sentinel
  4805 | D        | Noticed a yaktaur captain
  4817 | D        | Killed a boggart
  4822 | D        | Noticed a vampire mosquito
  4823 | D        | Killed a vampire mosquito
  4823 | D        | Killed a hornet
  4823 | D        | Killed a vault sentinel
  4823 | D        | Killed a slime creature
  4824 | D        | Noticed a wraith
  4825 | D        | Killed a wolf spider
  4825 | D        | Reached XP level 14. HP: 95/129 MP: 16/26
  4826 | D        | Noticed a hill giant
  4828 | D        | Noticed a flayed ghost
  4828 | D        | Killed an orc knight
  4829 | D        | Noticed an ironheart preserver
  4831 | D        | Noticed a vampire mosquito
  4833 | D        | Noticed a black mamba
  4833 | D        | Killed a wraith
  4833 | D        | Killed a hill giant
  4833 | D        | Killed a vampire mosquito
  4833 | D        | Killed a flayed ghost
  4833 | D        | Killed a black mamba
  4838 | D        | Noticed an ironbrand convoker
  4841 | D        | Killed a yaktaur captain
  4842 | D        | Noticed a freezing wraith
  4849 | D        | Noticed a sphinx
  4849 | D        | Noticed an Orb Guardian
  4849 | D        | Noticed a black draconian
  4849 | D        | Noticed a freezing wraith
  4849 | D        | Killed a freezing wraith
  4849 | D        | Killed a freezing wraith
  4849 | D        | Killed an ironbrand convoker
  4852 | D        | Killed an ironheart preserver
  4852 | D        | Killed a sphinx
  4852 | D        | Killed an Orb Guardian
  4857 | D        | Noticed a freezing wraith
  4864 | D        | Noticed an orc knight
  4871 | D        | Killed a black draconian
  4879 | D        | Noticed an ironheart preserver
  4880 | D        | Killed a freezing wraith
  4880 | D        | Killed an orc knight
  4880 | D        | Killed an ironheart preserver
  5089 | D        | Noticed a boulder beetle
  5114 | D        | Killed a boulder beetle
  5255 | D        | Got the +0 large shield of Wuel {*Contam Int+3 Dex+4}
  5258 | D        | Got the +0 hat of the Bard {Str+3 Int+4}
  5280 | D        | Lost mutation: Your magical capacity is low (-10% MP). [potion of cure mutation]
  5280 | D        | Lost mutation: You are weak. (Str -2) [potion of cure mutation]
  5280 | D        | Lost mutation: You have a pair of small antennae on your head. [potion of cure mutation]
  5280 | D        | Lost mutation: Your mind is acute. (Int +2) [potion of cure mutation]
  5437 | D        | Noticed an emperor scorpion
  5437 | D        | Noticed an emperor scorpion
  5437 | D        | Noticed a wolf spider
  5437 | D        | Noticed a demonic crawler
  5437 | D        | Noticed a demonic crawler
  5437 | D        | Noticed a redback
  5448 | D        | Killed a redback
  5448 | D        | Killed a wolf spider
  5448 | D        | Reached skill level 14 in Shields
  5449 | D        | Noticed a jumping spider
  5454 | D        | Noticed an emperor scorpion
  5455 | D        | Killed a jumping spider
  5458 | D        | Noticed a moth of wrath
  5465 | D        | Killed an emperor scorpion
  5475 | D        | Noticed a moth of wrath
  5488 | D        | Killed an emperor scorpion
  5491 | D        | Noticed a wolf spider
  5491 | D        | Killed a demonic crawler
  5497 | D        | Killed a demonic crawler
  5498 | D        | Noticed an emperor scorpion
  5508 | D        | Killed a moth of wrath
  5508 | D        | Killed a moth of wrath
  5508 | D        | Killed a wolf spider
  5520 | D        | Killed a ghost moth
  5530 | D        | Killed an emperor scorpion
  5537 | D        | Killed an emperor scorpion
  5662 | D        | Got a gossamer rune of Zot
  5669 | D        | Noticed a naga mage
  5669 | D        | Noticed a naga mage
  5669 | D        | Noticed a guardian serpent
  5669 | D        | Noticed a greater naga
  5669 | D        | Noticed a greater naga
  5669 | D        | Noticed a greater naga
  5670 | D        | Noticed a naga
  5670 | D        | Noticed a greater naga
  5674 | D        | Killed a naga
  5675 | D        | Noticed a greater naga
  5677 | D        | Killed a naga mage
  5677 | D        | Killed a greater naga
  5677 | D        | Killed a greater naga
  5677 | D        | Reached skill level 10 in Earth Magic
  5677 | D        | Killed a naga mage
  5680 | D        | Noticed a greater naga
  5682 | D        | Killed a greater naga
  5682 | D        | Killed a greater naga
  5684 | D        | Noticed a guardian serpent
  5688 | D        | Noticed a naga mage
  5691 | D        | Noticed a naga
  5692 | D        | Killed a guardian serpent
  5704 | D        | Killed a naga
  5705 | D        | Killed a greater naga
  5711 | D        | Killed a naga mage
  5711 | D        | Reached XP level 15. HP: 77/139 MP: 22/31
  5715 | D        | Killed a guardian serpent
  5720 | D        | Killed a greater naga
  5720 | D        | Reached skill level 15 in Shields
  5856 | D        | Got a serpentine rune of Zot
  5869 | D        | Noticed a five-headed hydra
  5869 | D        | Noticed a swamp dragon
  5869 | D        | Noticed a swamp dragon
  5869 | D        | Noticed a swamp drake
  5869 | D        | Noticed a swamp dragon
  5869 | D        | Noticed a swamp drake
  5870 | D        | Noticed an alligator
  5876 | D        | Killed a swamp drake
  5876 | D        | Killed a swamp dragon
  5876 | D        | Killed a swamp drake
  5876 | D        | Killed a swamp dragon
  5876 | D        | Killed a five-headed hydra
  5876 | D        | Reached skill level 10 in Evocations
  5876 | D        | Killed an alligator
  5877 | D        | Noticed a swamp dragon
  5878 | D        | Noticed a swamp dragon
  5879 | D        | Noticed a six-headed hydra
  5881 | D        | Killed a swamp dragon
  5882 | D        | Noticed a five-headed hydra
  5885 | D        | Killed a swamp dragon
  5891 | D        | Noticed a swamp drake
  5891 | D        | Killed a swamp dragon
  5893 | D        | Noticed a swamp drake
  5897 | D        | Killed a five-headed hydra
  5898 | D        | Killed a six-headed hydra
  5901 | D        | Killed a swamp drake
  5905 | D        | Killed a swamp drake
  5939 | D        | Got a decaying rune of Zot
  5999 | D        | Noticed a merfolk avatar
  5999 | D        | Noticed a merfolk javelineer
  5999 | D        | Noticed a merfolk aquamancer
  5999 | D        | Noticed a merfolk aquamancer
  5999 | D        | Noticed a merfolk impaler
  5999 | D        | Noticed a merfolk impaler
  6000 | D        | Noticed Ilsuiw
  6003 | D        | Killed a merfolk aquamancer
  6004 | D        | Killed a merfolk aquamancer
  6009 | D        | Killed a merfolk avatar
  6010 | D        | Noticed a merfolk aquamancer
  6011 | D        | Killed a merfolk javelineer
  6013 | D        | Noticed a merfolk aquamancer
  6016 | D        | Noticed a merfolk javelineer
  6019 | D        | Noticed a merfolk
  6019 | D        | Killed a merfolk aquamancer
  6022 | D        | Noticed a merfolk javelineer
  6022 | D        | Killed a merfolk impaler
  6041 | D        | Killed Ilsuiw
  6044 | D        | Noticed a merfolk
  6049 | D        | Killed a merfolk aquamancer
  6054 | D        | Killed a merfolk javelineer
  6065 | D        | Killed a merfolk javelineer
  6065 | D        | Reached skill level 15 in Fighting
  6072 | D        | Killed a merfolk impaler
  6081 | D        | Killed a merfolk
  6085 | D        | Killed a merfolk
  6088 | D        | Got a barnacled rune of Zot
  6233 | D        | Noticed a vault guard
  6233 | D        | Noticed a vault guard
  6233 | D        | Noticed a vault guard
  6233 | D        | Noticed a vault guard
  6233 | D        | Noticed a vault guard
  6233 | D        | Noticed a vault guard
  6238 | D        | Killed a vault guard
  6242 | D        | Killed a vault guard
  6243 | D        | Noticed a vault guard
  6246 | D        | Noticed a vault guard
  6248 | D        | Killed a vault guard
  6248 | D        | Reached skill level 16 in Shields
  6248 | D        | Reached skill level 15 in Invocations
  6250 | D        | Noticed a vault guard
  6252 | D        | Killed a vault guard
  6253 | D        | Noticed a vault guard
  6256 | D        | Killed a vault guard
  6257 | D        | Noticed a vault guard
  6267 | D        | Killed a vault guard
  6278 | D        | Killed a vault guard
  6288 | D        | Killed a vault guard
  6297 | D        | Killed a vault guard
  6314 | D        | Killed a vault guard
  6330 | D        | Killed a vault guard
  6350 | D        | Noticed a vault guard
  6351 | D        | Noticed a vault guard
  6352 | D        | Noticed a vault guard
  6353 | D        | Noticed a vault guard
  6356 | D        | Noticed a vault guard
  6361 | D        | Noticed a vault guard
  6367 | D        | Killed a vault guard
  6371 | D        | Noticed a vault guard
  6375 | D        | Killed a vault guard
  6376 | D        | Noticed a vault guard
  6381 | D        | Noticed a vault guard
  6382 | D        | Killed a vault guard
  6391 | D        | Killed a vault guard
  6400 | D        | Killed a vault guard
  6412 | D        | Killed a vault guard
  6412 | D        | Reached skill level 15 in Stealth
  6423 | D        | Killed a vault guard
  6435 | D        | Killed a vault guard
  6442 | D        | Killed a vault guard
  6445 | D        | Noticed a vault guard
  6446 | D        | Noticed a vault guard
  6447 | D        | Noticed a vault guard
  6448 | D        | Noticed a vault guard
  6450 | D        | Noticed a vault guard
  6452 | D        | Killed a vault guard
  6457 | D        | Killed a vault guard
  6468 | D        | Killed a vault guard
  6474 | D        | Killed a vault guard
  6483 | D        | Killed a vault guard
  6574 | D        | Noticed an ironbrand convoker
  6574 | D        | Noticed an ironheart preserver
  6574 | D        | Noticed a boulder beetle
  6574 | D        | Noticed a great orb of eyes
  6574 | D        | Noticed an ogre mage
  6577 | D        | Killed an ironbrand convoker
  6577 | D        | Reached XP level 16. HP: 150/150 MP: 27/33
  6581 | D        | Killed an ironheart preserver
  6581 | D        | Reached skill level 17 in Shields
  6585 | D        | Noticed a wolf spider
  6588 | D        | Killed a boulder beetle
  6591 | D        | Noticed a yaktaur
  6593 | D        | Noticed a freezing wraith
  6603 | D        | Noticed an ironbrand convoker
  6606 | D        | Killed a great orb of eyes
  6611 | D        | Killed an ogre mage
  6615 | D        | Killed a wolf spider
  6616 | D        | Noticed an orc warlord
  6618 | D        | Noticed an ogre mage
  6621 | D        | Noticed a guardian mummy
  6622 | D        | Killed a yaktaur
  6624 | D        | Killed an ironbrand convoker
  6624 | D        | Killed a guardian mummy
  6625 | D        | Killed a freezing wraith
  6629 | D        | Noticed a shadow dragon
  6632 | D        | Noticed a shadow dragon
  6633 | D        | Killed an orc warlord
  6638 | D        | Killed an ogre mage
  6640 | D        | Noticed a yaktaur captain
  6651 | D        | Killed a shadow dragon
  6659 | D        | Noticed a freezing wraith
  6662 | D        | Killed a shadow dragon
  6663 | D        | Noticed an ironheart preserver
  6667 | D        | Killed a yaktaur captain
  6678 | D        | Killed an ironheart preserver
  6685 | D        | Killed a freezing wraith
  6794 | D        | Noticed a yaktaur
  6794 | D        | Noticed a shadow dragon
  6794 | D        | Noticed a stone giant
  6794 | D        | Noticed a shadow dragon
  6794 | D        | Noticed a shadow dragon
  6795 | D        | Noticed an ironbrand convoker
  6800 | D        | Killed a yaktaur
  6804 | D        | Noticed a shadow dragon
  6808 | D        | Killed a shadow dragon
  6809 | D        | Noticed a tengu reaver
  6810 | D        | Killed a stone giant
  6817 | D        | Killed a shadow dragon
  6830 | D        | Killed a shadow dragon
  6842 | D        | Killed a shadow dragon
  6842 | D        | Reached skill level 15 in Axes
  6849 | D        | Noticed a mummy priest
  6849 | D        | Noticed a red draconian
  6849 | D        | Killed a shadow wraith
  6849 | D        | Killed an ironbrand convoker
  6849 | D        | Killed a mummy priest
  6856 | D        | Killed a tengu reaver
  6856 | D        | Reached skill level 15 in Fire Magic
  6861 | D        | Killed a red draconian
  6861 | D        | Reached skill level 18 in Shields
  6989 | D        | Identified Sif Muna's Almanac of Orientation and Summoning (You found it in the Dungeon)
  6992 | D        | Got a silver rune of Zot
  7006 | D        | Identified a +9 rod of inaccuracy (9/9) (You found it in the Dungeon)
  7103 | D        | Got the amulet "Tuofuaroo" {+Rage rC+ Dex+4}
  7105 | D        | Got the ring "Dugajon" {rPois Str+4 Int-3 Dex+3 Stlth+}
  7107 | D        | Got the ring of Bogrorre {rPois rC- EV+3 Dex+2 SInv}
  7109 | D        | Got the ring "Voul" {Fire +Blink}
  7141 | D        | Learned a level 3 spell: Gell's Gravitas
  7146 | D        | Got the +5 demon trident "Brush" {flame, +Rage rElec rPois rF-}
  7148 | D        | Got the +5 demon trident "Xast" {vamp, MR+}
  7151 | D        | Got the +5 demon trident of the Inferno {pierce, rElec rC+ MR- Str+4}
  7210 | D        | Killed a naga sharpshooter
  7275 | D        | Noticed Frederick
  7275 | D        | Noticed Xtahua
  7279 | D        | Noticed Boris
  7294 | D        | Killed Frederick
  7304 | D        | Killed Xtahua
  7311 | D        | Killed Boris
  7316 | D        | Noticed Mennas
  7371 | D        | Killed Mennas
  7371 | D        | Reached skill level 5 in Hexes
  7564 | D        | Noticed Nikola
  7565 | D        | Noticed a hell knight
  7566 | D        | Noticed a hell knight
  7567 | D        | Noticed a hell knight
  7568 | D        | Noticed Margery
  7569 | D        | Noticed a hell knight
  7570 | D        | Killed a hell knight
  7574 | D        | Noticed Louise
  7574 | D        | Killed a hell knight
  7578 | D        | Noticed Mara
  7581 | D        | Killed Nikola
  7582 | D        | Noticed a hell knight
  7584 | D        | Noticed Norris
  7584 | D        | Killed a hell knight
  7584 | D        | Killed a hell knight
  7586 | D        | Killed Margery
  7586 | D        | Reached XP level 17. HP: 74/161 MP: 27/35
  7588 | D        | Noticed Jb9000's illusion
  7588 | D        | Killed Louise
  7588 | D        | Killed Mara
  7588 | D        | Reached skill level 15 in Maces & Flails
  7588 | D        | Reached skill level 15 in Conjurations
  7588 | D        | Killed Mara
  7588 | D        | Killed Norris
  7592 | D        | Killed a hell knight
  7593 | D        | Noticed Jory
  7617 | D        | Killed from afar by Jory

Vault maps used:
D:        linesprint

Action                   |  1- 3 |  4- 6 |  7- 9 | 10-12 | 13-15 | 16-18 || total
-------------------------+-------+-------+-------+-------+-------+-------++-------
Melee: War axe           |    39 |     8 |       |   172 |   576 |   239 ||  1034
       Morningstar       |       |    19 |   127 |    15 |    11 |       ||   172
       Demon trident     |       |       |       |       |       |     1 ||     1
 Cast: Conjure Flame     |       |       |       |    12 |    26 |     8 ||    46
       Sting             |       |       |       |     1 |     1 |       ||     2
       Flame Tongue      |       |       |       |     1 |       |       ||     1
Invok: Upheaval          |       |       |     2 |     7 |     2 |     3 ||    14
       Disaster Area     |       |       |     1 |    14 |    18 |     9 ||    42
       Elemental Force   |       |       |     1 |     1 |     1 |     2 ||     5
 Abil: Breathe Sticky Fl |       |       |     2 |     3 |     1 |       ||     6
Evoke: Wand              |       |       |     2 |     2 |       |     1 ||     5
       Rod               |       |       |       |       |       |     4 ||     4
       Phantom mirror    |       |       |       |       |       |     1 ||     1
  Use: Potion            |     1 |     3 |    12 |     2 |    23 |     2 ||    43
       Scroll            |       |       |     8 |     4 |     3 |     6 ||    21
 Stab: Confused          |       |       |       |     1 |       |       ||     1
  Eat: Chunk             |       |       |     1 |       |     6 |       ||     7
       Bread ration      |       |       |     1 |       |       |       ||     1
       Meat ration       |       |       |       |     1 |     3 |     1 ||     5
       Fruit             |       |       |       |     6 |       |       ||     6
